AoeStats
← epic shit

Arabia

508370080Analyzed
1v1 RM · 9d ago on Sep 22, 2026· 16m 58s· 2 players
Game mode
Random Map
Map size
Tiny (2 player)
Population
200
Speed
Normal
Resources
Standard
Victory
Conquest
Starting age
Dark Age
Ending age
Imperial Age
RankedLock teamsTeams togetherTeam positionsShared explorationLock speedFull tech treeHidden civsTurbo modeCheats
Victory
Defeat
🇮🇳 Mongols · India
977
+16
🇨🇱 Huns · Chile
973
-16
epic shit
10:48 Feudal Age
10:13 Loom
11:37 Town Watch
12:29 Wheelbarrow
Naysayer90
7:33 Loom
9:39 Feudal Age
10:29 Double-Bit Axe
14:08 Bloodlines
Connection lost

Rejoining the realm…

Still unreachable

The connection could not be restored.

Session expired

The server has moved on; the page needs a fresh start.